Map: Lerilak Crest

Players

llllllllllll - Winner!

  • Race: Zerg Zerg
  • League: Grandmaster

State

  • Race: Protoss Protoss
  • League: Grandmaster

VOD

Have the link to the VOD?

Description

Time

  • Played on: Nov. 24, 2015, 9:52 p.m.
  • Length: 9:07
Show
View Real Time Build Order
Export as new Build Order

llllllllllll Zerg - Winner!

Build Orders: 3 Hatch before Pool 

Get SALT Encoding   

  12  0:01  Drone  
  13  0:12  Overlord  
  13  0:17  Drone  
  14  0:30  Drone x2  
  14  0:34  Drone  
  17  0:52  Hatchery  
  17  0:54  Drone  
  17  0:58  Drone  
  18  1:06  Drone  
  19  1:22  Hatchery  
  18  1:32  Spawning Pool  
  17  1:34  Extractor  
  17  1:37  Drone  
  17  1:40  Drone  
  17  1:43  Drone  
  19  1:51  Drone  
  20  2:00  Drone  
  21  2:04  Drone  
  22  2:10  Drone  
  23  2:17  Drone  
  23  2:18  Queen x2  
  28  2:24  Overlord  
  28  2:35  Queen  
  30  2:38  Metabolic Boost  
  30  2:40  Zergling x2  
  30  2:43  Drone  
  32  2:45  Drone  
  32  2:48  Drone  
  32  2:49  Drone  
  35  2:51  Drone  
  35  2:55  Zergling x2  
  37  3:01  Drone  
  37  3:03  Overlord  
  37  3:04  Drone  
  40  3:05  Drone  
  40  3:08  Drone  
  40  3:09  Drone  
  42  3:17  Overlord  
  42  3:19  Evolution Chamber  
  42  3:20  Drone  
  42  3:23  Zergling x2  
  42  3:26  Zergling x2  
  44  3:27  Drone  
  44  3:28  Drone x2  
  44  3:29  Drone  
  44  3:31  Drone  
  44  3:33  Drone  
  50  3:37  Drone x2  
  52  3:42  Drone x2  
  52  3:43  Drone x2  
  52  3:46  Overlord  
  56  3:51  Extractor  
  56  3:53  Lair  
  56  3:54  Drone x2  
  56  3:55  Drone  
  58  3:57  Extractor  
  57  4:05  Overlord  
  57  4:06  Drone  
  57  4:09  Roach Warren  
  57  4:13  Drone  
  57  4:14  Zerg Melee Weapons Level 1  
  57  4:16  Overlord, Spore Crawler  
  57  4:18  Spore Crawler  
  57  4:21  Drone  
  57  4:23  Spore Crawler, Drone  
  57  4:24  Drone x2  
  59  4:27  Drone  
  60  4:33  Drone x2  
  60  4:35  Drone x4  
  60  4:37  Overlord  
  66  4:40  Extractor  
  65  4:45  Overlord  
  65  4:47  Zergling x2  
  65  4:48  Zergling x4  
  65  4:51  Overseer  
  68  4:53  Overlord  
  68  4:54  Overlord  
  68  4:55  Drone x2  
  68  4:57  Roach x4  
  78  5:05  Roach  
  80  5:09  Overlord  
  80  5:13  Roach  
  82  5:17  Ravager  
  82  5:18  Ravager x3  
  82  5:19  Overlord  
  86  5:23  Drone  
  86  5:25  Hatchery  
  86  5:27  Overlord  
  86  5:30  Drone x2  
  86  5:31  Drone  
  86  5:32  Ravager  
  86  5:33  Roach x2  
  86  5:34  Roach  
  96  5:39  Drone  
  96  5:43  Zergling x10  
  96  5:44  Ravager  
  96  5:48  Zergling x8  
  106  5:52  Zergling x2  
  106  5:53  Zergling x4  
  106  5:55  Ravager x2  
  106  5:56  Hatchery  
  110  5:59  Ravager, Zergling x2  
  110  6:00  Zergling x4  
  110  6:02  Overlord, Zergling x2  
  110  6:03  Zergling x2  
  116  6:08  Extractor x2  
  116  6:10  Zergling x6  
  117  6:12  Zerg Melee Weapons Level 2  
  117  6:13  Zergling x8  
  117  6:16  Zergling x4  
  123  6:21  Roach x2  
  111  6:38  Zergling x14  
  109  6:46  Zergling x2  
  109  6:47  Zergling x8  
  114  6:48  Overlord  
  100  7:18  Drone x5  
  100  7:19  Drone x2, Queen  
  97  7:46  Zergling x2  
  97  7:47  Zergling x24  
  97  7:49  Spire  
  97  7:50  Zergling x8  
  107  8:04  Roach x4  
  110  8:11  Ravager x2  
  110  8:12  Drone x2  
  113  8:14  Drone  
  113  8:15  Drone  
  113  8:16  Extractor x2  
  113  8:19  Zergling x16  
  121  8:22  Drone x2  
  121  8:25  Ravager x4  
  127  8:28  Overlord  
Show
View Real Time Build Order
Export as new Build Order

State Protoss 

Build Orders: 1 Gate Expand, Blink Stalkers 

Get SALT Encoding   

  12  0:00  Probe (Chrono Boost)  
  13  0:11  Probe (Chrono Boost)  
  14  0:18  Pylon  
  14  0:22  Probe (Chrono Boost)  
  15  0:36  Probe (Chrono Boost)  
  15  0:38  Gateway  
  16  0:44  Assimilator  
  16  0:47  Probe (Chrono Boost)  
  17  0:57  Probe (Chrono Boost)  
  18  1:08  Probe (Chrono Boost)  
  20  1:21  Nexus  
  20  1:24  Probe (Chrono Boost)  
  20  1:37  Cybernetics Core  
  20  1:38  Probe (Chrono Boost)  
  21  1:47  Pylon  
  21  1:49  Probe (Chrono Boost)  
  22  1:56  Assimilator  
  22  2:01  Probe (Chrono Boost)  
  23  2:16  Probe (Chrono Boost)  
  23  2:21  Warp Gate  
  23  2:22  Adept  
  26  2:29  Mothership Core (Chrono Boost)  
  28  2:34  Probe (Chrono Boost)  
  29  2:44  Probe (Chrono Boost)  
  29  2:47  Probe (Chrono Boost)  
  31  2:54  Stalker  
  31  2:55  Probe (Chrono Boost)  
  31  2:57  Pylon  
  31  2:58  Probe (Chrono Boost)  
  35  3:06  Probe (Chrono Boost)  
  35  3:08  Probe (Chrono Boost)  
  37  3:13  Twilight Council  
  37  3:15  Forge  
  37  3:16  Probe (Chrono Boost)  
  37  3:19  Probe (Chrono Boost)  
  39  3:25  Sentry  
  39  3:27  Probe (Chrono Boost)  
  42  3:30  Probe (Chrono Boost), Assimilator  
  42  3:31  Assimilator  
  43  3:37  Probe (Chrono Boost)  
  43  3:38  Pylon  
  43  3:40  Probe (Chrono Boost)  
  45  3:41  Blink  
  45  3:48  Probe (Chrono Boost)  
  46  3:49  Protoss Ground Weapons Level 1 (Chrono Boost)  
  46  3:51  Probe (Chrono Boost)  
  47  3:58  Probe (Chrono Boost)  
  47  4:01  Probe (Chrono Boost)  
  49  4:06  Gateway  
  49  4:09  Probe (Chrono Boost)  
  50  4:14  Gateway  
  50  4:15  Probe (Chrono Boost)  
  51  4:19  Probe (Chrono Boost)  
  51  4:20  Pylon  
  52  4:30  Gateway x2  
  52  4:34  Probe x2  
  52  4:35  Pylon  
  54  4:40  Robotics Facility  
  54  4:45  Sentry  
  54  4:51  Probe x2  
  58  5:06  Gateway  
  58  5:07  Gateway  
  58  5:11  Sentry x3  
  64  5:16  Probe x2  
  64  5:19  Photon Cannon  
  66  5:27  Warp Prism  
  69  5:28  Probe  
  69  5:31  Sentry  
  69  5:32  Nexus  
  71  5:38  Pylon  
  71  5:46  Probe x2  
  71  5:49  Stalker x2  
  77  5:52  Pylon  
  77  5:53  Pylon  
  77  5:58  Probe x2  
  77  6:03  Observer  
  80  6:06  Robotics Bay  
  82  6:18  Stalker x4  
  90  6:20  Stalker  
  90  6:21  Probe  
  90  6:22  Probe  
  81  6:35  Probe x2  
  78  6:47  Sentry x3, Probe x2  
  80  6:48  Sentry  
  80  6:49  Stalker, Probe  
  91  6:59  Probe x3  
  81  7:08  Stalker  
  73  7:10  Probe  
  73  7:11  Probe x2  
  73  7:12  Pylon  
  68  7:17  Stalker x4  
  62  7:25  Probe x2  
  62  7:29  Stalker  
  57  7:39  Stalker, Probe  
  57  7:40  Probe x2  
  60  7:46  Adept x3  
  60  7:50  Probe  
  63  7:51  Disruptor (Chrono Boost)  
  63  7:52  Probe x2  
  63  7:54  Pylon  
  63  7:55  Adept  
  66  8:00  Probe  
  66  8:04  Probe x2  
  64  8:11  Probe  
  65  8:16  Probe x2  
  67  8:21  Probe  
  71  8:27  Adept x3  
  71  8:28  Probe, Zealot x2  
  73  8:35  Adept  
  73  8:37  Adept  
  67  8:47  Pylon  
  67  8:48  Pylon  
  53  8:57  Stalker x3  
  53  8:59  Stalker  
Tags
 
Add a new tag
Caveats
  • Supply blocks, unpowered buildings, or Contaminate may cause inaccurate times.
  • Supply counts are checked every 10 seconds.